AoeStats
← Fs.Carniça

African Clearing

510327385Analyzed
3v3 RM · 10h ago on Sep 30, 2026· 40m 27s· 6 players
Game mode
Random Map
Map size
Normal (6 player)
Population
200
Speed
Normal
Resources
Standard
Victory
Conquest
Starting age
Dark Age
Ending age
Imperial Age
RankedLock teamsTeams togetherTeam positionsShared explorationLock speedFull tech treeHidden civsTurbo modeCheats
Victory
Defeat
🇧🇷 Mongols · Brazil
1719
+8
🇧🇷 Khmer · Brazil
1601
+13
🇧🇷 Berbers · Brazil
1449
+18
🇳🇱 Japanese · Netherlands
1542
-14
🇺🇸 Berbers · United States
1530
-13
🇩🇪 Saxons · Germany
1503
-12
Tiekel
5:18 Loom
10:55 Feudal Age
12:18 Double-Bit Axe
15:09 Wheelbarrow
19:42 Castle Age
18:03 Gold Mining
17:55 Horse Collar
18:34 Fletching
20:51 Bow Saw
21:11 Bodkin Arrow
23:14 Padded Archer Armor
24:49 Ballistics
28:37 Husbandry
29:20 Bloodlines
30:16 Town Watch
32:34 Gold Shaft Mining
34:11 Heavy Plow
34:02 Stone Mining
34:37 Hand Cart
35:18 Thumb Ring
DarkPaladinX
12:42 Feudal Age
13:33 Loom
16:29 Castle Age
15:08 Double-Bit Axe
37:17 Fletching
39:36 Bodkin Arrow
TruffleThor
4:02 Loom
12:04 Feudal Age
15:36 Feudal Age
20:12 Castle Age
22:50 Horse Collar
24:15 Town Watch
30:08 Wheelbarrow
29:42 Fletching
31:12 Crossbowman
32:23 Bodkin Arrow
37:16 Imperial Age
35:15 Double-Bit Axe
37:09 Ballistics
37:08 Thumb Ring
37:58 Bracer
37:32 Arbalester
39:45 Padded Archer Armor
40:47 Chemistry
Fs.Carniça
4:03 Loom
12:47 Feudal Age
13:15 Double-Bit Axe
17:22 Forging
17:56 Horse Collar
21:03 Scale Barding Armor
22:41 Bloodlines
26:47 Castle Age
26:47 Light Cavalry
27:48 Chain Barding Armor
27:51 Husbandry
30:55 Wheelbarrow
31:56 Iron Casting
34:40 Bow Saw
40:27 Hand Cart
Floripa
5:16 Loom
22:52 Feudal Age
24:08 Town Watch
28:30 Castle Age
36:37 Horse Collar
36:43 Double-Bit Axe
39:35 Gold Mining
40:26 Stone Mining
41:32 Gold Shaft Mining
41:11 Bow Saw
Oni.Nego
13:23 Feudal Age
14:08 Loom
17:05 Castle Age
15:05 Double-Bit Axe
15:12 Fletching
15:30 Gold Mining
17:58 Bow Saw
18:54 Bodkin Arrow
23:52 Ballistics
26:10 Bloodlines
26:08 Padded Archer Armor
29:44 Husbandry
30:58 Horse Collar
32:42 Thumb Ring
33:58 Wheelbarrow
34:17 Heavy Plow
34:51 Leather Archer Armor
36:31 Gold Shaft Mining
37:19 Hand Cart
37:05 Stone Mining
42:06 Imperial Age
39:24 Town Watch
Connection lost

Rejoining the realm…

Still unreachable

The connection could not be restored.

Session expired

The server has moved on; the page needs a fresh start.